 Dungeon Crawl Stone Soup version 0.27-a0-1065-ge809cff456 (console) character file.

Game seed: 4926771938570505153

44 nht the Charlatan (level 3, 0/26 HPs)
             Began as a Demonspawn Artificer on Apr 23, 2021.
             Succumbed to an adder's poison
             ... on level 2 of the Dungeon.
             The game lasted 00:02:08 (1038 turns).

nht the Charlatan (Demonspawn Artificer)            Turns: 1038, Time: 00:02:09

Health: 0/26       AC:  5    Str: 12    XL:     3   Next: 41%
Magic:  3/3        EV: 11    Int: 13    God:
Gold:   37         SH:  0    Dex: 15    Spells: 2/2 levels left

rFire    . . .     SeeInvis .   c - +0 trident
rCold    . . .     Faith    .   (no shield)
rNeg     . . .     Spirit   .   b - +0 leather armour
rPois    .         Reflect  .   (no helmet)
rElec    .         Harm     .   (no cloak)
rCorr    .         Rampage  .   (no gloves)
Will     .....                  (no boots)
Stlth    +.........             (no amulet)
HPRegen  0.08/turn              g - ring of wizardry
MPRegen  0.08/turn              (no ring)

@: lethally poisoned (0 -> -6), hasted, very quick
A: icy blue scales 1, talons 1, agile 1, screaming 1
a: no special abilities


You were on level 2 of the Dungeon.
You visited 1 branch of the dungeon, and saw 2 of its levels.

You collected 37 gold pieces.

Inventory:

Hand Weapons
 a - a +0 club
 c - a +0 trident (weapon)
Armour
 b - a +0 leather armour (worn)
Jewellery
 g - a ring of wizardry (left hand)
Wands
 d - a wand of charming (14)
Scrolls
 h - a scroll of enchant armour
Miscellaneous
 e - a piece from Xom's chessboard (5/15) (quivered)


   Skills:
 - Level 1.0 Fighting
 - Level 1.7 Armour
 - Level 0.8 Dodging
 - Level 0.8 Stealth
 + Level 4.5 Evocations


You had 2 spell levels left.
You didn't know any spells.
Your spell library was empty.

Dungeon Overview and Level Annotations

Branches:
Dungeon (2/15)

Altars:


Innate Abilities, Weirdness & Mutations

You are partially covered in icy blue scales. (AC +2)
You have sharp toenails.
You are agile. (Dex +2)
You occasionally shout uncontrollably at your foes.


Message History

You hit the adder.
The adder is lightly wounded.
The adder bites you but does no damage. The adder barely misses you.
You make a move on Xom's chessboard...
The adder is moving more slowly.
The adder bites you but does no damage.
You hit the adder.
The adder is heavily wounded.
The adder bites you but does no damage. x2
You puncture the adder!
The adder is almost dead.
The adder barely misses you. The adder bites you but does no damage.
You catch the helpless adder completely off-guard!
You puncture the adder!
You kill the adder!
Your piece from Xom's chessboard (7/15) has regained one charge.
f - a cyan potion
g - a ring of wizardry
g - a ring of wizardry (left hand)
Found 27 stones.
Your library has no spells.
An adder comes into view.
The adder hisses angrily.
You reach to attack!
You barely miss the adder. The adder barely misses you.
You make a move on Xom's chessboard...
The adder seems to grow stronger.
The adder bites you.
You are poisoned.
The adder poisons you!
You make a move on Xom's chessboard...
The adder flickers and vanishes!
Deactivating autopickup; reactivate with Ctrl-A.
You feel sick. Something bites you.
You are more poisoned.
Something poisons you! Something bites you.
It was a potion of haste.
You feel yourself speed up.
You feel sick. Something bites you.
You barely miss something. Your kick misses something.
* * * LOW HITPOINT WARNING * * *
You feel sick. Something bites you.
* * * LOW HITPOINT WARNING * * *
You completely miss something. Your kick misses something.
You die...

.. █ █. ███████.
.██ .....█..████..█
█..(██..██.█ ..
█.......█.█ .█
█...██..█.███ .█
█.@██..██...██ .█
█.{█..██..█..██.███
█..█...÷..██..█.█..
█..██..██÷███...█.█
██..████..██...██.█
██......██..█....█
██████....████<.█
█.███ █... █.█ █.█.


There were no monsters in sight!

Vanquished Creatures
  2 adders (D:2)
  3 ball pythons (D:1)
  2 bats
  2 endoplasms
  2 giant cockroaches (D:1)
  5 goblins
  2 hobgoblins
  A frilled lizard (D:1)
  A rat (D:1)
20 creatures vanquished.

Vanquished Creatures (collateral kills)
  An adder (D:2)
1 creature vanquished.

Grand Total: 21 creatures vanquished

Notes
Turn   | Place    | Note
-------+----------+-------------------------------------------
     0 | D:1      | nht the Demonspawn Artificer began the quest for the Orb.
     0 | D:1      | Reached XP level 1. HP: 15/15 MP: 1/1
   158 | D:1      | Gained mutation: You are partially covered in icy blue
                  | scales. (AC +2) [demonic ancestry]
   158 | D:1      | Reached XP level 2. HP: 21/21 MP: 2/2
   812 | D:2      | Reached skill level 4 in Evocations
   812 | D:2      | Reached XP level 3. HP: 16/26 MP: 3/3
   830 | D:2      | Gained mutation: You occasionally shout uncontrollably at
                  | your foes. [potion of mutation]
   830 | D:2      | Gained mutation: You have sharp toenails. [potion of
                  | mutation]
   830 | D:2      | Gained mutation: You are agile. (Dex +2) [potion of
                  | mutation]
  1037 | D:2      | HP: 1/26 [something (5)]
  1038 | D:2      | Succumbed to an adder's poison

Illustrated notes

Levels and vault maps discovered:
D:1:      eino_arrival_water_cross, layout_loops_ring, roderic_roman_lattice,
          serial_bayou_pond_e, chequers_garden
D:2:      layout_rooms, minmay_close_crescents

Skill      XL: |  1  2 |
---------------+-------+-----
Evocations     | 4 |  4.5
Fighting       | |  1.0
Armour         | |  1.7
Dodging        | |  0.8
Stealth        | |  0.8

Action                   || total
-------------------------++-------
Melee: Club              ||    16
       Trident           ||    40
       Kick              ||     1
Evoke: Wand              ||    16
       Piece from Xom's  ||    12
  Use: Scroll            ||     3
       Potion            ||     4
 Stab: Petrified         ||     4
       Petrifying        ||     1
Armor: Leather armour    ||    33
Dodge: Dodged            ||    34

Table legend: (Time is in decaauts)
 A = Elapsed time spent in this place.
 B = Non-inter-level travel time spent in this place.
 C = Inter-level travel time spent in this place.
 D = Time resting spent in this place.
 E = Time spent auto-exploring this place.
 F = Levels seen in this place.
 G = Mean time per level.
                   A        B        C        D        E       F      G
               +--------+--------+--------+--------+--------+-----+--------+
         Total |   1054 |    976 |     78 |      0 |    819 |   2 |  527.0 |
       Dungeon |   1054 |    976 |     78 |      0 |    819 |   2 |  527.0 |
               +--------+--------+--------+--------+--------+-----+--------+

Top non-repeatable levels by time:
     D:1: 696 daAuts
     D:2: 357 daAuts
